 Dungeon Sprint DCSS version 0.19.1 (webtiles) character file.

364 KingBobo974 the Cleaver (level 6, -29/93 HPs)
             Began as a Minotaur Gladiator on Dec 14, 2016.
             Was a Follower of Okawaru.
             Killed by mirror damage (35 damage)
             ... in the Dungeon (Sprint IX: "|||||||||||||||||||||||||||||").
             The game lasted 00:02:24 (598 turns).

KingBobo974 the Cleaver (Minotaur Gladiator)         Turns: 598, Time: 00:02:25

Health: -29/93     AC: 11    Str: 27    XL:     6   Next: 39%
Magic:  5/5        EV: 14    Int:  5    God:    Okawaru [*.....]
Gold:   0          SH:  0    Dex: 13    Spells: 0 memorised, 5 levels left

rFire  . . .     SeeInvis .     p - +1 broad axe (freeze)
rCold  . . .     Gourm    .     s - +1 scale mail
rNeg   . . .     Faith    .     (no shield)
rPois  .         Spirit   .     c - +0 hat
rElec  .         Reflect  .     (no cloak)
rCorr  .         Harm     .     r - +0 pair of gloves
MR     .....     NoTele   +     q - +0 pair of boots
Stlth  ..........               (no amulet)
                                u - +3 ring of dexterity
                                t - +2 ring of evasion

@: berserking, very quick
A: retaliatory headbutt, horns 2
a: Heroism, Renounce Religion


You were in the Dungeon.
You worshipped Okawaru.
Okawaru was aware of your devotion.
You were not hungry.

You visited 1 branch

Inventory:

Hand Weapons
 a - a +0 war axe
 p - a +1 broad axe of freezing (weapon)
 v - a +3 mace
Missiles
 d - 3 throwing nets (quivered)
Armour
 b - a +0 leather armour
 c - a +0 hat (worn)
 q - a +0 pair of boots (worn)
 r - a +0 pair of gloves (worn)
 s - a +1 scale mail (worn)
Jewellery
 t - a +2 ring of evasion (left hand)
 u - a +3 ring of dexterity (right hand)
Wands
 o - a wand of acid (7/15)
Scrolls
 k - 2 scrolls of blinking
 m - 3 scrolls of remove curse
 n - 2 scrolls of amnesia
Potions
 e - 5 potions of curing
 g - a potion of invisibility
 h - a potion of haste
 i - 4 potions of magic
 l - 2 potions of heal wounds
Comestibles
 f - a bread ration
 w - 5 chunks of flesh


   Skills:
 + Level 8.6 Fighting
 * Level 11.9 Axes
 - Level 2.0 Throwing
 + Level 8.0 Armour
 - Level 3.2 Dodging


You had 5 spell levels left.
You didn't know any spells.

Dungeon Overview and Level Annotations

Branches:
Dungeon (1/1)

Altars:
Cheibriados
Dithmenos
Elyvilon
Fedhas
Gozag
Hepliaklqana
Kikubaaqudgha
Makhleb
Nemelex Xobeh
Okawaru
Qazlal
Ru
Sif Muna
Trog
Uskayaw
Vehumet
Xom
Yredelemnul
Zin
The Shining One
Beogh
Jiyva
Lugonu


Innate Abilities, Weirdness & Mutations

You reflexively headbutt those who attack you in melee.
You have a pair of horns on your head.


Message History

The death knight hits you with an enchanted morningstar!
* * * LOW HITPOINT WARNING * * *
A red film seems to cover your vision as you go berserk!
You feel yourself moving faster!
You feel mighty!
The death knight hits you with an enchanted morningstar!
* * * LOW HITPOINT WARNING * * *
You are too injured to fight recklessly!
You closely miss the death knight.
The death knight is moderately wounded.
The crimson imp blinks!
You closely miss the death knight.
The death knight is moderately wounded.
The death knight closely misses you.
You hit the death knight but do no damage.
The death knight is moderately wounded.
You slice the death knight like a ripe choko!!!
You freeze the death knight! Your headbutt misses the death knight.
The death knight is almost dead.
The death knight reflects your damage back at you!
You die... ▓▓▓▓▓▓▓▓▓▓▓▓▓▓▓▓▓▓▓▓▓▓▓▓ .5FJoup@.....).....)|..' ▓▓▓▓▓▓▓▓▓▓▓▓▓▓▓▓▓▓▓▓▓▓▓▓

You could see a death knight, a cyan ugly thing, a slime creature, a bullfrog, an orc wizard and a crimson imp.

Vanquished Creatures
  A big kobold (D)
  A bullfrog (D)
  A killer bee (D)
  A wight (D)
  A quasit (D)
  2 hounds (D)
  An iguana (D)
  2 adders (D)
  A hobgoblin (D)
  A kobold (D)
  2 bats (D)
  A quokka zombie (D)
  A rat (D)
16 creatures vanquished.

Notes
Turn   | Place    | Note
-------+----------+-------------------------------------------
     0 | D        | KingBobo974 the Minotaur Gladiator began the quest for the Orb.
     0 | D        | Reached XP level 1. HP: 18/18 MP: 0/0
    12 | D        | Reached skill level 4 in Axes
    12 | D        | Reached skill level 1 in Armour
   116 | D        | Noticed a quasit
   116 | D        | Noticed a hound
   117 | D        | Reached skill level 5 in Axes
   117 | D        | Reached XP level 2. HP: 27/27 MP: 1/1
   132 | D        | Reached skill level 5 in Fighting
   132 | D        | Reached skill level 7 in Axes
   132 | D        | Reached XP level 3. HP: 11/36 MP: 2/2
   136 | D        | Reached skill level 8 in Axes
   136 | D        | Reached XP level 4. HP: 8/42 MP: 3/3
   377 | D        | Found a roughly hewn altar of Beogh.
   377 | D        | Found a snail-covered altar of Cheibriados.
   377 | D        | Found a shadowy altar of Dithmenos.
   377 | D        | Found a white marble altar of Elyvilon.
   377 | D        | Found a blossoming altar of Fedhas.
   377 | D        | Found an opulent altar of Gozag.
   378 | D        | Found a hazy altar of Hepliaklqana.
   379 | D        | Found a viscous altar of Jiyva.
   380 | D        | Found an ancient bone altar of Kikubaaqudgha.
   381 | D        | Found a corrupted altar of Lugonu.
   382 | D        | Found a burning altar of Makhleb.
   383 | D        | Found a sparkling altar of Nemelex Xobeh.
   384 | D        | Found an iron altar of Okawaru.
   385 | D        | Found a stormy altar of Qazlal.
   386 | D        | Found a sacrificial altar of Ru.
   387 | D        | Found a deep blue altar of Sif Muna.
   388 | D        | Found a bloodstained altar of Trog.
   389 | D        | Found a hide-covered altar of Uskayaw.
   390 | D        | Found a radiant altar of Vehumet.
   391 | D        | Found a shimmering altar of Xom.
   392 | D        | Became a worshipper of Warmaster Okawaru
   393 | D        | Found a basalt altar of Yredelemnul.
   394 | D        | Found a glowing silver altar of Zin.
   395 | D        | Found a glowing golden altar of the Shining One.
   447 | D        | Noticed a big kobold
   447 | D        | Noticed a bullfrog
   456 | D        | Reached skill level 5 in Armour
   459 | D        | Reached skill level 9 in Axes
   459 | D        | Reached XP level 5. HP: 39/51 MP: 4/4
   462 | D        | Reached skill level 10 in Axes
   466 | D        | Reached * piety under Okawaru
   466 | D        | Reached skill level 11 in Axes
   466 | D        | Reached XP level 6. HP: 40/61 MP: 5/5
   588 | D        | Noticed a slime creature
   588 | D        | Noticed a cyan ugly thing
   588 | D        | Noticed a death knight
   598 | D        | Killed by mirror damage

Skill      XL: |  1  2  3  4  5  6 |
---------------+-------------------+-----
Axes           | 5 7 8 9 11 | 11.9
Armour         | 2 4 6 7 8 |  8.0
Fighting       | 3 5 6 8 |  8.6
Throwing       | |  2.0
Dodging        | |  3.2

Action                   |  1- 3 |  4- 6 || total
-------------------------+-------+-------++-------
Melee: War axe           |    36 |       ||    36
       Headbutt          |     4 |     3 ||     7
       Broad axe         |       |    32 ||    32
  Use: Potion            |     1 |     1 ||     2
Armor: Leather armour    |    13 |       ||    13
       Scale mail        |       |     3 ||     3
Dodge: Dodged            |    27 |    14 ||    41
